 Dungeon Crawl Stone Soup version 0.24-a0-613-g1ff6aac338 (webtiles) character file.

Game seed: 4362568384288755918, levelgen mode: deterministic

140 Engwar the Firebug (level 5, -12/38 HPs)
             Began as a Draconian Fire Elementalist on Sept 11, 2019.
             Killed by divine providence
             ... invoked by an orc priest
              (13 damage)
             ... on level 3 of the Dungeon.
             The game lasted 00:05:06 (1874 turns).

Engwar the Firebug (Draconian Fire Elementalist)    Turns: 1874, Time: 00:05:07

Health: -12/38     AC:  6    Str: 10    XL:     5   Next: 2%
Magic:  8/8        EV: 12    Int: 16    God:
Gold:   125        SH:  0    Dex: 12    Spells: 5/8 levels left

rFire    . . .     SeeInvis .   a - +5 dagger (venom)
rCold    . . .     Gourm    .   (no shield)
rNeg     + . .     Faith    .   (armour unavailable)
rPois    .         Spirit   .   (helmet restricted)
rElec    .         Reflect  .   c - +0 cloak
rCorr    .         Harm     .   (no gloves)
MR       .....                  (no boots)
Stlth    ++........             (no amulet)
HPRegen  0.12/turn              m - ring of positive energy
MPRegen  0.11/turn              (no ring)

@: no status effects
A: unfitting armour, cold-blooded, AC +5
a: no special abilities


You were on level 3 of the Dungeon.
You were not hungry.

You visited 1 branch of the dungeon, and saw 3 of its levels.

You collected 125 gold pieces.

Inventory:

Hand Weapons
 a - a +5 dagger of venom (weapon)
Missiles
 g - 149 stones (quivered)
 p - 17 sling bullets
Armour
 c - a +0 cloak (worn)
Jewellery
 m - a ring of positive energy (left hand)
Scrolls
 f - 2 scrolls of teleportation
 q - a scroll of magic mapping {unknown}
Potions
 e - a potion of agility
 h - a potion of haste
 i - a potion of cancellation
 j - a potion of flight
 k - 2 potions of mutation
 l - a potion of berserk rage
 n - a potion of might {unknown}
 o - a potion of magic {unknown}
 r - a potion of curing {unknown}
Comestibles
 b - 4 rations
 d - 6 chunks of flesh


   Skills:
 - Level 1.7 Dodging
 - Level 1.7 Stealth
 - Level 2.0 Spellcasting
 + Level 3.8 Conjurations
 + Level 4.3 Fire Magic


You had 5 spell levels left.
You knew the following spells:

 Your Spells              Type           Power        Failure   Level  Hunger
a - Flame Tongue          Conj/Fire      ##...        4%          1    #......
b - Throw Flame           Conj/Fire      ##....       6%          2    ###....

Your spell library contained the following spells:

 Spells                   Type           Power        Failure   Level  Hunger
 Conjure Flame            Conj/Fire      ##......     12%         3    ###....
 Inner Flame              Hex/Fire       #.......     26%         3    ###....
 Sticky Flame             Conj/Fire      ##......     36%         4    #####..
 Fireball                 Conj/Fire      ##........   73%         5    ######.


Dungeon Overview and Level Annotations

Branches:
Dungeon (3/15)

Altars:


Innate Abilities, Weirdness & Mutations

Your plain brown scales are hard. (AC +5)
You cannot fit into any form of body armour.
You are cold-blooded and may be slowed by cold attacks.


Message History

The orc priest hits you.
You hit the orc priest.
The orc priest is poisoned.
The orc priest is moderately wounded.
The orc priest hits you but does no damage.
The orc hits you from afar with a +0 trident.
The orc priest calls down the wrath of Beogh upon you.
Beogh smites you!
You hear a shout!
The orc hits you from afar with a +0 trident.
* * * LOW HITPOINT WARNING * * *
An orc comes into view. It is wielding a +0 war axe.
The orc hits you with a +0 trident!
* * * LOW HITPOINT WARNING * * *
The orc priest closely misses you.
You hit the orc.
The orc is poisoned.
The orc is heavily wounded.
You kill the orc!
The orc priest calls down the wrath of Beogh upon you.
Beogh smites you!
You die...

### ... ### #.#
#.. #o# #.# #.#
#.# #)#
#.#####.###@#
#[........o.#
######.###.# # .
### ##.###.#
###....####...##.#
#................#
#.####.####...####
#.# #.# ##.#####
#.# #.# #.....#


You could see an orc priest and an orc.

Vanquished Creatures
  An orc priest (D:3)
  An orc wizard (D:3)
  3 adders
  An ooze (D:1)
  A dart slug (D:2)
  A leopard gecko (D:3)
  5 orcs (D:3)
  4 bats
  A giant cockroach (D:1)
  4 goblins
  9 hobgoblins
  2 jackals (D:2)
  2 frilled lizards (D:2)
  5 kobolds
  2 rats
42 creatures vanquished.

Notes
Turn   | Place    | Note
-------+----------+-------------------------------------------
     0 | D:1      | Engwar the Draconian Fire Elementalist began the quest for
                  | the Orb.
     0 | D:1      | Reached XP level 1. HP: 14/14 MP: 3/3
   190 | D:1      | Reached XP level 2. HP: 20/20 MP: 3/5
   301 | D:1      | Learned a level 2 spell: Throw Flame
   620 | D:1      | You fall into a shaft and drop 1 floor!
  1252 | D:2      | Reached XP level 3. HP: 24/26 MP: 6/6
  1668 | D:3      | Reached XP level 4. HP: 33/33 MP: 7/7
  1740 | D:3      | Reached skill level 4 in Fire Magic
  1842 | D:3      | Reached XP level 5. HP: 36/38 MP: 8/8
  1873 | D:3      | HP: 1/38 [orc/+0 trident (10)]
  1874 | D:3      | Killed from afar by an orc priest

Levels and vault maps discovered:
D:1:      nicolae_arrival_somewhat_less_tricky_arrival, layout_basic
D:2:      layout_basic
D:3:      layout_loops_ring, first_ration

Skill      XL: |  1  2  3  4 |
---------------+-------------+-----
Conjurations   | 2 3 |  3.8
Fire Magic     | 4 |  4.3
Dodging        | |  1.7
Stealth        | |  1.7
Spellcasting   | |  2.0

Action                   |  1- 3 |  4- 6 || total
-------------------------+-------+-------++-------
Melee: Club              |    14 |       ||    14
       Dagger            |    45 |    22 ||    67
       Tailslap          |     4 |     2 ||     6
Throw: Stone             |     4 |       ||     4
 Cast: Flame Tongue      |    16 |     6 ||    22
  Use: Scroll            |     9 |       ||     9
 Stab: Sleeping          |     4 |     1 ||     5
  Eat: Ration            |     1 |       ||     1
Armor: Skin              |    35 |     7 ||    42
Dodge: Dodged            |    38 |    11 ||    49

Table legend:
 A = Non-vault XP
 B = Vault XP
 C = Vault XP percentage of total XP
 D = Non-vault monster count
 E = Vault monster count
 F = Vault count percentage of total count
                 A         B        C        D         E       F
            +---------+---------+-------+---------+---------+-------
      Total |     200 |       0 |   0.0 |      42 |       0 |   0.0
            +---------+---------+-------+---------+---------+-------
        D:1 |      29 |       0 |   0.0 |      14 |       0 |   0.0
        D:2 |      35 |       0 |   0.0 |      12 |       0 |   0.0
        D:3 |     136 |       0 |   0.0 |      16 |       0 |   0.0
            +---------+---------+-------+---------+---------+-------
